 Dungeon Crawl Stone Soup version 0.29-a0-529-gfa20dd96a1 (webtiles) character file.

Game seed: 15915717484550896084

305 testman the Vexing (level 6, -1/47 HPs)
             Began as a Gnoll Arcane Marksman on June 1, 2022.
             Was an Initiate of Okawaru.
             Killed by divine providence
             ... invoked by an orc priest
              (12 damage)
             ... on level 5 of the Dungeon.
             The game lasted 00:25:42 (4522 turns).

testman the Vexing (Gnoll Arcane Marksman)          Turns: 4522, Time: 00:25:45

Health: -1/47      AC:  3    Str:  9    XL:     6   Next: 39%
Magic:  9/11       EV: 13    Int: 15    God:    Okawaru [......]
Gold:   322        SH:  5    Dex: 12    Spells: 2/11 levels left

rFire   . . .      SeeInvis .   a - +0 shortbow
rCold   . . .      Faith    .   (shield currently unavailable)
rNeg    . . .      Spirit   .   b - +0 robe
rPois   .          Reflect  +   (no helmet)
rElec   .          Harm     .   t - +0 cloak
rCorr   .          Rampage  .   (no gloves)
Will    .....                   (no boots)
Stlth   ++........              z - amulet of reflection
HPRegen 0.15/turn               (no ring)
MPRegen 0.12/turn               (no ring)

@: on blink cooldown
A: fangs 1, strong nose, distributed training
a: Renounce Religion


You were on level 5 of the Dungeon.
You worshipped Okawaru.
Okawaru was noncommittal.
You visited 2 branches of the dungeon, and saw 6 of its levels.

You collected 322 gold pieces.

Inventory:

Hand Weapons
 a - a +0 shortbow (weapon)
 u - a +0 dagger of venom
Missiles
 i - 2 silver javelins
 l - 11 poisoned darts
 p - a throwing net
 v - 6 boomerangs
Armour
 b - a +0 robe (worn)
 t - a +0 cloak (worn)
Jewellery
 z - an amulet of reflection (around neck)
Scrolls
 c - 2 scrolls of vulnerability
 d - 8 scrolls of identify {unknown}
 h - a scroll of summoning {unknown}
 m - 4 scrolls of poison {unknown}
 n - a scroll of acquirement {unknown}
 r - a scroll of amnesia {unknown}
 y - a scroll of teleportation {unknown}
Potions
 e - a potion of cancellation {unknown}
 f - a potion of ambrosia {unknown}
 g - a potion of invisibility {unknown}
 j - a potion of lignification
 k - a potion of heal wounds {unknown}
 o - a potion of flight {unknown}
 q - a potion of degeneration {unknown}
 s - a potion of might {unknown}
 w - a potion of curing
 x - a potion of haste {unknown}


   Skills:
 + Level 3.2 Fighting
 + Level 2.0 Short Blades
 + Level 2.0 Long Blades
 + Level 2.0 Axes
 + Level 2.0 Maces & Flails
 + Level 2.0 Polearms
 + Level 2.0 Staves
 + Level 2.0 Slings
 + Level 5.0 Bows
 + Level 2.0 Crossbows
 + Level 2.0 Throwing
 + Level 2.0 Armour
 + Level 5.0 Dodging
 + Level 2.0 Stealth
 + Level 2.0 Shields
 + Level 2.0 Unarmed Combat
 + Level 3.4 Spellcasting
 + Level 1.5 Conjurations
 + Level 5.6 Hexes
 + Level 1.5 Summonings
 + Level 1.5 Necromancy
 + Level 1.5 Translocations
 + Level 1.5 Transmutations
 + Level 1.5 Fire Magic
 + Level 1.5 Ice Magic
 + Level 1.5 Air Magic
 + Level 1.5 Earth Magic
 + Level 1.5 Poison Magic
 + Level 2.1 Invocations
 + Level 2.0 Evocations


You had 2 spell levels left.
You knew the following spells:

 Your Spells              Type           Power      Damage    Failure   Level
a - Slow                  Hex            76%        N/A       1%          1
b - Portal Projectile     Hex/Tloc       26%        N/A       13%         3
c - Inner Flame           Hex/Fire       13%        N/A       13%         3
d - Blink                 Tloc           14%        N/A       16%         2

Your spell library contained the following spells:

 Spells                   Type           Power      Damage    Failure   Level
 Cause Fear               Hex            9%         N/A       19%         4
 Lesser Beckoning         Tloc           7%         N/A       30%         3
 Ozocubu's Armour         Ice            7%         N/A       30%         3
 Metabolic Englaciation   Hex/Ice        6%         N/A       77%         5
 Manifold Assault         Tloc           7%         N/A       96%         5
 Discord                  Hex            9%         N/A       100%        8
 Simulacrum               Ice/Necr       Unusable   N/A       N/A         6

Dungeon Overview and Level Annotations

Branches:
Dungeon (5/15)             Temple (1/1) D:4

Altars:
Cheibriados
Dithmenos
Elyvilon
Fedhas
Gozag
Hepliaklqana
Kikubaaqudgha
Makhleb
Nemelex Xobeh
Okawaru
Qazlal
Ru
Sif Muna
Trog
Uskayaw
Vehumet
Wu Jian
Xom
Yredelemnul
Zin
The Shining One


Innate Abilities, Weirdness & Mutations

You have very sharp teeth.
Your uncanny sense of smell can sniff out nearby items.
Your experience applies equally to all skills.


Message History

The orc priest hits you but does no damage.
You shoot an arrow.
The arrow hits the orc priest but does no damage.
The orc priest is heavily wounded.
A white imp comes into view.
The orc priest closely misses you.
You shoot an arrow. The arrow barely misses the orc priest.
The orc priest misses you. The white imp hits you. The white imp freezes you.
You shoot an arrow.
The arrow closely misses the orc priest.
The orc priest barely misses you. The white imp gestures at you.
The puff of frost hits you. The white imp barely misses you.
The orc priest hits you with a +0 dagger.
You shoot an arrow. The arrow barely misses the orc priest.
The orc priest hits you but does no damage.
The white imp gestures at you. The puff of frost misses you.
You shoot an arrow.
The arrow hits the orc priest but does no damage.
The orc priest is heavily wounded.
The orc priest barely misses you.
The white imp hits you but does no damage.
Casting: Slow (safe; 1% risk of failure)
Confirm with . or Enter, or press ? or * to list all spells.
You blink.
The orc priest invokes the aid of Beogh against you.
Pain shoots through your body!
Shoot: a) +0 shortbow
Press: ? - help, Q - select action, (/) - cycle Shift-Dir - straight line, f/p - orc priest
Aim: an orc priest, wielding a +0 dagger (heavily wounded, 60% to hit)
You shoot an arrow. The arrow hits the orc priest.
The orc priest is heavily wounded.
The orc priest invokes the aid of Beogh against you.
Beogh smites you!
* * * LOW HITPOINT WARNING * * *
An adder comes into view.
The orc priest calls down the wrath of Beogh upon you.
Beogh smites you!
You die...

######
##....#
#.....+
#...@.#
#..5..#
##....#
#.....##).
#)........
.#§o......
..#.....S..
..
#........
##..###..


You could see an orc priest, an adder (wandering) and a white imp.

Vanquished Creatures
  2 necrophages (D:4)
  An orc priest (D:3)
  A hound (D:4)
  2 adders
  3 worms
  6 orcs
  7 ball pythons
  3 bats
  3 endoplasms
  5 giant cockroaches
  7 goblins
  13 hobgoblins
  4 jackals (D:2)
  9 kobolds
  8 quokkas
  A frilled lizard (D:2)
  5 rats
80 creatures vanquished.

Notes
Turn   | Place    | Note
-------+----------+-------------------------------------------
     0 | D:1      | testman the Gnoll Arcane Marksman began the quest for the
                  | Orb.
     0 | D:1      | Reached XP level 1. HP: 17/17 MP: 4/4
   157 | D:1      | Reached XP level 2. HP: 23/23 MP: 5/5
   584 | D:1      | Reached XP level 3. HP: 28/28 MP: 7/7
   933 | D:2      | Found a faded altar of an unknown god.
  1184 | D:2      | Reached skill level 1 in Invocations
  1234 | D:2      | Reached skill level 1 in Short Blades
  1234 | D:2      | Reached skill level 1 in Long Blades
  1234 | D:2      | Reached skill level 1 in Axes
  1234 | D:2      | Reached skill level 1 in Maces & Flails
  1234 | D:2      | Reached skill level 1 in Polearms
  1234 | D:2      | Reached skill level 1 in Staves
  1234 | D:2      | Reached skill level 1 in Slings
  1234 | D:2      | Reached skill level 1 in Crossbows
  1234 | D:2      | Reached skill level 1 in Throwing
  1234 | D:2      | Reached skill level 1 in Armour
  1234 | D:2      | Reached skill level 1 in Stealth
  1234 | D:2      | Reached skill level 1 in Shields
  1234 | D:2      | Reached skill level 1 in Unarmed Combat
  1234 | D:2      | Reached skill level 1 in Evocations
  1645 | D:2      | Reached XP level 4. HP: 33/34 MP: 8/8
  2396 | D:3      | Reached skill level 1 in Conjurations
  2396 | D:3      | Reached skill level 1 in Summonings
  2396 | D:3      | Reached skill level 1 in Necromancy
  2396 | D:3      | Reached skill level 1 in Translocations
  2396 | D:3      | Reached skill level 1 in Transmutations
  2396 | D:3      | Reached skill level 1 in Fire Magic
  2396 | D:3      | Reached skill level 1 in Ice Magic
  2396 | D:3      | Reached skill level 1 in Air Magic
  2396 | D:3      | Reached skill level 1 in Earth Magic
  2396 | D:3      | Reached skill level 1 in Poison Magic
  2685 | D:3      | Reached XP level 5. HP: 35/40 MP: 9/9
  3661 | D:4      | Found a staircase to the Ecumenical Temple.
  3684 | Temple   | Entered the Ecumenical Temple
  3741 | Temple   | Became a worshipper of Warmaster Okawaru
  4092 | D:5      | Entered Level 5 of the Dungeon
  4109 | D:4      | Learned a level 3 spell: Portal Projectile
  4140 | D:4      | Reached XP level 6. HP: 19/47 MP: 9/11
  4178 | D:4      | HP: 2/45 [necrophage (2)]
  4183 | D:4      | Reached skill level 5 in Bows
  4183 | D:4      | Reached skill level 5 in Dodging
  4509 | D:4      | Learned a level 3 spell: Inner Flame
  4512 | D:4      | Learned a level 2 spell: Blink
  4522 | D:5      | Killed from afar by an orc priest

Illustrated notes

Levels and vault maps discovered:
D:1:      lightli_arrival_statuegarden, layout_basic
D:2:      layout_loops_cross, ebering_ecumenical_altar_rust,
          minmay_split_cup_large
D:3:      layout_rooms, minmay_goblin_kobold_house
D:4:      layout_basic, minmay_temple_entry_offerings, feat_on_display
D:5:      layout_gridville, serial_shops, shop, ebering_ghost_sewer_d
Temple:   kilobyte_greek_temple

Skill      XL: |  1  2  3  4  5  6 |
---------------+-------------------+-----
Invocations    | 1 2 |  2.1
Short Blades   | 1 2 |  2.0
Long Blades    | 1 2 |  2.0
Axes           | 1 2 |  2.0
Maces & Flails | 1 2 |  2.0
Polearms       | 1 2 |  2.0
Staves         | 1 2 |  2.0
Slings         | 1 2 |  2.0
Crossbows      | 1 2 |  2.0
Throwing       | 1 2 |  2.0
Armour         | 1 2 |  2.0
Stealth        | 1 2 |  2.0
Shields        | 1 2 |  2.0
Unarmed Combat | 1 2 |  2.0
Evocations     | 1 2 |  2.0
Spellcasting   | 3 |  3.4
Conjurations   | 1 |  1.5
Summonings     | 1 |  1.5
Necromancy     | 1 |  1.5
Translocations | 1 |  1.5
Transmutations | 1 |  1.5
Fire Magic     | 1 |  1.5
Ice Magic      | 1 |  1.5
Air Magic      | 1 |  1.5
Earth Magic    | 1 |  1.5
Poison Magic   | 1 |  1.5
Fighting       | 3 |  3.2
Bows           | 5 |  5.0
Dodging        | 5 |  5.0
Hexes          | |  5.6

Action                   |  1- 3 |  4- 6 || total
-------------------------+-------+-------++-------
Melee: Dagger            |       |     4 ||     4
       Bite              |       |     1 ||     1
 Fire: Shortbow          |   112 |   172 ||   284
 Cast: Slow              |     1 |     4 ||     5
       Blink             |       |     1 ||     1
  Use: Potion            |       |     2 ||     2
Armor: Robe              |     5 |    25 ||    30
       Skin              |       |     5 ||     5
Dodge: Dodged            |    40 |   102 ||   142
Block: Other             |       |    16 ||    16

Table legend: (Time is in decaauts)
 A = Elapsed time spent in this place.
 B = Non-inter-level travel time spent in this place.
 C = Inter-level travel time spent in this place.
 D = Time resting spent in this place.
 E = Time spent auto-exploring this place.
 F = Levels seen in this place.
 G = Mean time per level.
                   A        B        C        D        E       F      G
               +--------+--------+--------+--------+--------+-----+--------+
         Total |   4599 |   4438 |    161 |    567 |   3243 |   6 |  766.5 |
       Dungeon |   4437 |   4295 |    142 |    567 |   3115 |   5 |  887.4 |
        Temple |    161 |    142 |     19 |      0 |    128 |   1 |  161.0 |
               +--------+--------+--------+--------+--------+-----+--------+

Top non-repeatable levels by time:
     D:2: 1387 daAuts
     D:4: 1299 daAuts
     D:1: 941 daAuts
     D:3: 789 daAuts
  Temple: 161 daAuts
     D:5: 20 daAuts
